 Dungeon Crawl Stone Soup version 0.30-a0-368-g86fb4627a9 (webtiles) character file.

Game seed: 6095832616797204830

4 themarg the Conjurer (level 1, -3/14 HPs)
             Began as a Draconian Conjurer on Nov 19, 2022.
             Slain by a goblin
             ... wielding a +0 club
             ... led by Robin
              (5 damage)
             ... on level 2 of the Dungeon.
             The game lasted 00:01:12 (957 turns).

themarg the Conjurer (Draconian Conjurer)            Turns: 957, Time: 00:01:12

Health: -3/14      AC:  4    Str:  9    XL:     1   Next: 58%
Magic:  3/3        EV: 12    Int: 18    God:
Gold:   96         SH:  0    Dex:  9    Spells: 3/4 levels left

rFire   . . .      SeeInvis .    e - +0 dagger
rCold   . . .      Faith    .    (no shield)
rNeg    . . .      Spirit   .    (body armour unavailable)
rPois   .          Reflect  .    (helmet restricted)
rElec   .          Harm     .    (no cloak)
rCorr   .          Rampage  .    (no gloves)
Will    .....                    (no boots)
Stlth   ++........               (no amulet)
HPRegen 0.22/turn                (no ring)
MPRegen 0.08/turn                (no ring)

@: no status effects
A: AC +4, unfitting armour, cold-blooded
a: no special abilities


You were on level 2 of the Dungeon.
You visited 1 branch of the dungeon, and saw 2 of its levels.

You collected 96 gold pieces.

Inventory:

Hand Weapons
 e - a +0 dagger (weapon)
Missiles
 d - 21 stones
Scrolls
 b - a scroll of identify {unknown}
 g - a scroll of teleportation {unknown}
 h - a scroll of amnesia {unknown}
 i - a scroll of noise {unknown}
Potions
 a - a potion of magic
 c - 2 potions of heal wounds {unknown}
 f - a potion of ambrosia {unknown}


   Skills:
 - Level 1.7 Dodging
 + Level 2.0 Stealth
 + Level 2.1 Spellcasting
 + Level 4.0 Conjurations


You had 3 spell levels left.
You knew the following spells:

 Your Spells              Type           Power      Damage    Failure   Level
a - Magic Dart            Conj           64%        1d6       3%          1

Your spell library contained the following spells:

 Spells                   Type           Power      Damage    Failure   Level
 Searing Ray              Conj           32%        2d5       4%          2
 Necrotise                Necr           4%         1d4       19%         1
 Dazzling Flash           Conj/Hex       18%        N/A       24%         3
 Vampiric Draining        Necr           1%         2d6       47%         3
 Fulminant Prism          Conj/Hex       4%         3d5       61%         4
 Iskenderun's Mystic Bla  Conj/Tloc      9%         2d4       61%         4
 Agony                    Necr           1%         N/A       99%         5


Dungeon Overview and Level Annotations

Branches:
Dungeon (2/15)

Altars:

Annotations:
D:2 Robin


Innate Abilities, Weirdness & Mutations

Your plain brown scales are hard. (AC +4)
You cannot fit into any form of body armour.
You are cold-blooded and may be slowed by cold attacks.


Message History

d - 21 stones (gained 8)
i - a scroll labelled HATAB UFINEMATEYNK A goblin comes into view.
It is wielding a +0 club.
The goblin shouts!
You hear a shout!
Robin opens the door.
A goblin comes into view. It is wielding a +0 dagger.
A goblin comes into view. It is wielding a +0 club.
You hear a shout! x3
You see here 2 stones. 2 goblins come into view.
The goblin shouts!
You hear a shout! x2; The goblin shouts!
Robin roars a battlecry!
The goblins go into a battle-frenzy!
A hobgoblin comes into view.
You hear a shout!
Robin opens the large door.
Something unseen opens the door.
The goblin unwields a club.
The goblin wields a sling.
The goblin shoots a sling bullet.
The sling bullet hits you.
A goblin comes into view. It is wielding a +0 dagger.
A goblin comes into view. It is wielding a +0 sling.
A hobgoblin and 2 goblins come into view.
The goblin shouts!
The hobgoblin moves out of view.
Casting: Magic Dart (safe; 3% risk of failure)
Confirm with . or Enter, or press ? or * to list all spells.
You don't know that spell.
The goblin attacks as you move away! The goblin misses you.
Robin says, "My goblins will feast on your bones."
Robin throws the goblin at you! The goblin hits you with a +0 club.
The goblin attacks as you move away! The goblin hits you but does no damage.
Robin throws the goblin at you! The goblin hits you with a +0 club.
The goblin closely misses you.
You closely miss the goblin.
Robin roars a battlecry!
The goblin hits you with a +0 club. The goblin completely misses you.
The goblin attacks as you move away! The goblin misses you.
The goblin hits you with a +0 dagger.
* * * LOW HITPOINT WARNING * * *
The goblin hits you with a +0 club.
You die...

###+###
#.....#########
#.............#
+..g..........#
##.@gg.........#
#..gg..........#####
#..(gg.........#....
#......g.......#†###
#..g....g......#.#..
#.....#g.......#.#..
#.....#g.........#..
#.....#'#'#''....#..
#..........##...##.#


You could see Robin, 2 hobgoblins and 9 goblins.

Vanquished Creatures
  A ball python (D:1)
  2 bats (D:2)
  4 rats
7 creatures vanquished.

Notes
Turn   | Place    | Note
-------+----------+-------------------------------------------
     0 | D:1      | themarg the Draconian Conjurer began the quest for the Orb.
     0 | D:1      | Reached XP level 1. HP: 14/14 MP: 3/3
   949 | D:2      | Noticed Robin
   957 | D:2      | Slain by a goblin

Illustrated notes

Levels and vault maps discovered:
D:1:      saegor_arrival_miasma, layout_basic
D:2:      layout_basic, basic_altar, grunt_ministairs_6, uniq_robin,
          uniq_crazy_yiuf_cottage

Skill      XL: |  1 |
---------------+----+-----
Stealth        | 2 |  2.0
Dodging        | |  1.7
Spellcasting   | |  2.1
Conjurations   | |  4.0

Action                   || total
-------------------------++-------
Melee: Dagger            ||     1
 Cast: Magic Dart        ||    10
Armor: Skin              ||     1
Dodge: Dodged            ||     4

Table legend: (Time is in decaauts)
 A = Elapsed time spent in this place.
 B = Non-inter-level travel time spent in this place.
 C = Inter-level travel time spent in this place.
 D = Time resting spent in this place.
 E = Time spent auto-exploring this place.
 F = Levels seen in this place.
 G = Mean time per level.
                   A        B        C        D        E       F      G
               +--------+--------+--------+--------+--------+-----+--------+
         Total |    956 |    912 |     44 |      0 |    859 |   2 |  478.0 |
       Dungeon |    956 |    912 |     44 |      0 |    859 |   2 |  478.0 |
               +--------+--------+--------+--------+--------+-----+--------+

Top non-repeatable levels by time:
     D:1: 849 daAuts
     D:2: 106 daAuts
